 Dungeon Crawl Stone Soup version 0.26-a0-1191-ge2a0e31ab3 (webtiles) character file.

Game seed: 12984388773973338811

5388 sanka the Cleaver (level 10, -2/86 HPs)
             Began as a Ghoul Monk on Dec 27, 2020.
             Was a Priest of Makhleb.
             Slain by a fire bat (5 damage)
             ... on level 9 of the Dungeon on Dec 28, 2020.
             The game lasted 00:21:56 (11328 turns).

sanka the Cleaver (Ghoul Monk)                     Turns: 11328, Time: 00:21:57

Health: -2/86      AC:  9    Str: 19    XL:     10   Next: 66%
Magic:  13/13      EV: 14    Int:  5    God:    Makhleb [***...]
Gold:   545        SH:  0    Dex: 22    Spells: 9/9 levels left

rFire    . . .     SeeInvis .   a - +0 battleaxe
rCold    + . .     Faith    .   (shield currently unavailable)
rNeg     + + +     Spirit   .   H - +2 ring mail of the Blind Marksman {Dex+5}
rPois    ∞         Reflect  .   (no helmet)
rElec    .         Harm     .   (no cloak)
rCorr    .         Rampage  .   L - +0 pair of gloves
Will     +....                  (no boots)
Stlth    ++........             p - amulet of the acrobat
HPRegen  0.00/turn              i - ring of willpower
MPRegen  0.13/turn              A - +6 ring of dexterity

@: no status effects
A: claws 1, cold resistance 1, negative energy resistance 3, inhibited
regeneration, torment resistance, unbreathing
a: Renounce Religion, Minor Destruction, Lesser Servant of Makhleb


You were on level 9 of the Dungeon.
You worshipped Makhleb.
Makhleb was most pleased with you.
You visited 2 branches of the dungeon, and saw 10 of its levels.

You collected 670 gold pieces.
You spent 125 gold pieces at shops.


Innate Abilities, Weirdness & Mutations

You thrive by killing the living.
You are immune to poison.
You have sharp fingernails.
Your flesh is cold resistant. (rC+)
You are immune to negative energy. (rN+++)
You do not regenerate when monsters are visible.
You are immune to unholy pain and torment.
You can survive without breathing.


   Skills:
 - Level 7.0 Fighting
 * Level 11.0 Axes
 - Level 4.0 Armour
 + Level 4.0 Dodging
 - Level 2.1 Stealth
 + Level 6.6 Invocations


You had 9 spell levels left.
You didn't know any spells.
Your spell library contained the following spells:

 Spells                   Type           Power        Failure   Level
 Corona                   Hex            0%           65%         1
 Shock                    Conj/Air       0%           65%         1
 Summon Small Mammal      Summ           0%           65%         1
 Call Imp                 Summ           0%           80%         2
 Ensorcelled Hibernation  Hex/Ice        0%           80%         2
 Swiftness                Air            0%           80%         2
 Call Canine Familiar     Summ           0%           95%         3
 Confusing Touch          Hex            0%           95%         3
 Dazzling Flash           Conj/Hex       0%           95%         3
 Static Discharge         Conj/Air       0%           95%         3
 Summon Guardian Golem    Hex/Summ       0%           95%         3
 Tukima's Dance           Hex            0%           95%         3
 Airstrike                Air            0%           100%        4
 Summon Ice Beast         Ice/Summ       0%           100%        4
 Summon Lightning Spire   Summ/Air       0%           100%        4
 Lightning Bolt           Conj/Air       0%           100%        5

Inventory:

Hand Weapons
 a - a +0 battleaxe (weapon)
 g - a +1 short sword of electrocution
 r - a +0 hand axe
 x - a +0 hand axe
 I - a +0 war axe
Missiles
 t - 4 javelins (quivered)
Armour
 n - a +0 plate armour
 B - a +2 scale mail of cold resistance
 H - the +2 ring mail of the Blind Marksman (worn) {Dex+5}

   It affects your dexterity (+5).
 L - a +0 pair of gloves (worn)
Magical Staves
 J - an uncursed staff of air
Jewellery
 i - a ring of willpower (left hand)
 p - an amulet of the acrobat (around neck)
 A - a +6 ring of dexterity (right hand)
 C - an uncursed amulet of regeneration
Wands
 o - a wand of polymorph (13)
 s - a wand of random effects (8)
 u - a wand of enslavement (7)
 E - a wand of digging (7)
 M - a wand of acid (9)
Scrolls
 c - 3 scrolls of fear
 d - 9 scrolls of teleportation {@r4}
 e - 2 scrolls of identify {@r1}
 h - 7 scrolls of remove curse
 l - a scroll of blinking
 q - 2 scrolls of immolation {!r}
 y - 2 scrolls of enchant weapon
 D - 2 scrolls of amnesia
 F - 2 scrolls of enchant armour
 O - a scroll of magic mapping {unknown}
Potions
 b - a potion of cancellation {unknown}
 f - 2 potions of flight {unknown}
 j - 4 potions of curing {@q1}
 k - 2 potions of might {unknown}
 m - 3 potions of haste {@q3}
 v - a potion of brilliance {unknown}
 w - 2 potions of degeneration {unknown}
 z - a potion of attraction {unknown}
 G - 3 potions of heal wounds {unknown}
 K - 2 potions of ambrosia {unknown}
 N - a potion of mutation {unknown}

Dungeon Overview and Level Annotations

Branches:
Dungeon (9/15)             Temple (1/1) D:6            Lair (0/6) D:9
    Orc: D:9-12

Altars:
Ashenzari
Cheibriados
Dithmenos
Elyvilon
Fedhas
Gozag
Hepliaklqana
Kikubaaqudgha
Makhleb
Nemelex Xobeh
Okawaru
Qazlal
Ru
Sif Muna
Trog
Uskayaw
Vehumet
Wu Jian
Xom
Yredelemnul
Zin
The Shining One

Shops:
D:7 *

Annotations:
D:5 harkrass's ghost, novice MiFi
D:6 1 runed translucent door, tilp's ghost, novice OpTm

▒▒▒▒▒▒▒▒ ▒▒▒▒▒▒▒▒▒▒
▒......▒ ▒........▒
▒......▒ ▒........▒
▒▒▒......▒ ▒▒▒........▒
..▒......▒▒▒▒...(......▒
▒.'<.....▒....▒..b.....▒
▒▒▒▒▒▒▒▒▒▒'.▒▒▒.n......▒
▒≈....#.▒▒▒ ▒...>....▒
▒.≈≈≈≈.°▒ ▒▒▒.▒▒▒▒▒▒
▒.v#≈v≈.▒ ▒..▒ ▒▒.#.≈≈.▒
▒▒.▒ ▒▒...≈.▒ ▒.▒
S=▒..≈.▒▒▒▒▒▒▒▒'▒▒▒
▒.S▒▒..≈▒'...▒▒....▒
▒▒▒▒▒▒▒▒▒▒▒▒.▒▒....▒


You could see a fire bat.


Message History

Really walk into that cloud of flame?
Really walk into a travel-excluded area? [Y]es or [N]o only, please.
Really walk into a travel-excluded area?
You are engulfed in blazing flames.
* * * LOW HITPOINT WARNING * * *
The fire bat bites you.
* * * LOW HITPOINT WARNING * * *
You are engulfed in flames.
* * * LOW HITPOINT WARNING * * *
Unknown command.
The fire bat closely misses you.
There is an open door, spattered with blood here.
The fire bat bites you but does no damage.
The fire bat completely misses you. The fire bat misses you.
The fire bat completely misses you.
There is a stone staircase leading down here.
You miss the fire bat.
The fire bat is severely wounded.
The fire bat bites you but does no damage.
Use which ability? (? or * to list)
Aim: a fire bat (severely wounded)
The puff of flame hits the fire bat.
The fire bat completely resists.
The fire bat is severely wounded.
The fire bat bites you.
* * * LOW HITPOINT WARNING * * *
You are engulfed in flames.
You die...

Action                   |  1- 3 |  4- 6 |  7- 9 | 10-12 || total
-------------------------+-------+-------+-------+-------++-------
Melee: Hand axe          |    59 |       |       |       ||    59
       Short sword       |    13 |   231 |   229 |       ||   473
       War axe           |       |       |   173 |    23 ||   196
       Battleaxe         |       |       |       |    88 ||    88
Throw: Javelin           |       |       |     3 |       ||     3
Invok: Minor Destruction |       |       |       |     6 ||     6
       Lesser Servant of |       |       |       |     2 ||     2
Evoke: Wand              |       |       |     4 |       ||     4
  Use: Scroll            |       |       |     6 |     6 ||    12
       Potion            |       |       |       |     1 ||     1
 Stab: Sleeping          |     3 |       |       |     1 ||     4
       Distracted        |       |       |       |     2 ||     2
Armor: Robe              |     8 |       |       |       ||     8
       Chain mail        |     1 |     3 |       |       ||     4
       Plate armour      |       |   168 |   169 |       ||   337
       Scale mail        |       |       |   124 |     8 ||   132
       Ring mail         |       |       |       |    35 ||    35
Dodge: Dodged            |    31 |    66 |   202 |    93 ||   392

Levels and vault maps discovered:
D:1:      dpeg_arrival_signposts, layout_loops_ring, minmay_tiny_reverse_x
D:2:      layout_rooms, nrook_loot_triangle, kennysheep_nondescript,
          uniq_terence
D:3:      layout_rooms
D:4:      layout_basic, kennysheep_slug_shrine, xom_butterflies,
          serial_co_window_serial, co_window_paths_b, co_window_paths_a,
          co_window_cross_1, co_window_paths_a, co_window_of_opportunity_a,
          co_window_broadway_c, co_window_broadway_b, co_window_broadway_b,
          glass_columns_b, solitary_fountain
D:5:      layout_cave_pods, gammafunk_ghost_stat_death, serial_glass,
          glass_columns_b, glass_columns_c
D:6:      layout_basic, kennysheep_mini, minmay_temple_entry_large_hall,
          ebering_ghost_xom, uniq_pikel, uniq_grinder, uniq_edmund,
          uniq_menkaure
D:7:      layout_basic, nicolae_overflow_hidden_temple, serial_shops, shop,
          basic_altar, chequers_serial_rivers_room_b, kennysheep_generic_room_2
D:8:      layout_cave_pools, grunt_qazlal_clouds
D:9:      layout_roguey, okawaru_humans, lair_entry_dummy,
          hangedman_incinerator, uniq_erolcha
Temple:   nicolae_temple_no_exploring_needed

Notes
Turn   | Place    | Note
-------+----------+-------------------------------------------
     0 | D:1      | sanka the Ghoul Monk began the quest for the Orb.
     0 | D:1      | Reached XP level 1. HP: 19/19 MP: 0/0
   503 | D:1      | Reached XP level 2. HP: 27/27 MP: 1/1
   521 | D:1      | Reached skill level 4 in Fighting
   731 | D:1      | Reached skill level 3 in Axes
  1548 | D:2      | Reached XP level 3. HP: 20/33 MP: 2/2
  1852 | D:2      | Noticed Terence
  1861 | D:2      | Killed Terence
  1984 | D:2      | Reached XP level 4. HP: 35/41 MP: 3/3
  2633 | D:3      | Reached XP level 5. HP: 37/47 MP: 4/4
  2638 | D:3      | Reached skill level 1 in Armour
  2746 | D:3      | Reached skill level 4 in Axes
  2804 | D:3      | Reached skill level 5 in Fighting
  3237 | D:2      | Reached skill level 2 in Armour
  3243 | D:3      | Reached XP level 6. HP: 56/56 MP: 5/5
  3553 | D:4      | Found a shimmering altar of Xom.
  3901 | D:4      | Reached skill level 6 in Fighting
  3901 | D:4      | Reached skill level 3 in Armour
  4238 | D:4      | Found a snail-covered altar of Cheibriados.
  4430 | D:4      | Reached XP level 7. HP: 63/63 MP: 6/6
  4682 | D:5      | Entered Level 5 of the Dungeon
  4928 | D:5      | Found a transporter.
  4943 | D:5      | Found a transporter.
  4947 | D:5      | Noticed harkrass's ghost (novice MiFi)
  5234 | D:5      | Reached skill level 4 in Armour
  6438 | D:6      | Noticed Edmund
  6453 | D:6      | Killed Edmund
  6454 | D:6      | Reached skill level 7 in Fighting
  6624 | D:6      | Reached skill level 5 in Axes
  6624 | D:6      | Reached XP level 8. HP: 26/73 MP: 7/7
  7026 | D:6      | Noticed Menkaure
  7032 | D:6      | Killed Menkaure
  7033 | D:6      | Reached skill level 6 in Axes
  7086 | D:6      | Found a staircase to the Ecumenical Temple.
  7094 | D:6      | Noticed Pikel
  7118 | D:6      | Killed Pikel
  7119 | D:6      | Reached skill level 7 in Axes
  7130 | Temple   | Entered the Ecumenical Temple
  7228 | D:6      | Found a runed translucent door.
  7228 | D:6      | Found a shimmering altar of Xom.
  7228 | D:6      | Noticed a +0 falchion of chaos
  7228 | D:6      | Noticed tilp's ghost (novice OpTm)
  7362 | D:6      | Reached skill level 8 in Axes
  7503 | D:6      | Found a burning altar of Makhleb.
  7559 | D:6      | Noticed Grinder
  7572 | D:6      | Paralysed by Grinder for 7 turns
  7591 | D:6      | Killed Grinder
  7592 | D:6      | Reached XP level 9. HP: 58/79 MP: 8/8
  7711 | D:6      | Became a worshipper of Makhleb the Destroyer
  7711 | D:6      | Reached * piety under Makhleb
  7711 | D:6      | Reached ** piety under Makhleb
  7843 | D:7      | Reached skill level 1 in Invocations
  7980 | D:7      | Reached skill level 2 in Invocations
  8043 | D:7      | Found a blossoming altar of Fedhas.
  8057 | D:7      | Reached skill level 9 in Axes
  8125 | D:7      | Reached skill level 3 in Invocations
  8282 | D:7      | Found Esestuu's Assorted Antiques.
  8858 | D:7      | Found an ornate altar of the Wu Jian Council.
  8861 | D:7      | Found a shimmering blue altar of Sif Muna.
  8892 | D:7      | Upgraded the game from 0.26-a0-1184-g95e395e029 to
                  | 0.26-a0-1191-ge2a0e31ab3
  8993 | D:7      | Bought a sapphire ring for 125 gold pieces
  9086 | D:8      | Reached skill level 4 in Invocations
  9169 | D:8      | Found a stormy altar of Qazlal.
  9201 | D:8      | Reached *** piety under Makhleb
  9258 | D:8      | Reached skill level 5 in Invocations
  9260 | D:8      | Reached skill level 10 in Axes
  9268 | D:8      | Reached XP level 10. HP: 78/86 MP: 12/12
 10011 | D:8      | Got a bronze ring mail
 10022 | D:8      | Identified the +2 ring mail of the Blind Marksman {Dex+5}
                  | (You found it on level 8 of the Dungeon)
 10340 | D:9      | Noticed Erolcha
 10348 | D:9      | Killed Erolcha
 10349 | D:9      | Reached skill level 3 in Dodging
 10349 | D:9      | Reached skill level 6 in Invocations
 10424 | D:9      | Found an iron altar of Okawaru.
 10633 | D:9      | Found a staircase to the Lair.
 10679 | D:9      | Noticed a two-headed ogre
 10692 | D:9      | HP: 7/86 [two-headed ogre/+0 giant spiked club (13)]
 11301 | D:9      | Reached skill level 11 in Axes
 11301 | D:9      | Reached skill level 4 in Dodging
 11318 | D:9      | HP: 6/86 [fire bat (5)]
 11328 | D:9      | HP: 3/86 [fire bat (2)]
 11328 | D:9      | Slain by a fire bat

Vanquished Creatures
  Erolcha (D:9)
  Pikel (D:6)
  Grinder (D:6)
  A hornet (D:9)
  3 fire bats (D:9)
  A human (D:9)
  Edmund (D:6)
  Menkaure (D:6)
  A water moccasin (D:9)
  An orc warrior (D:7)
  3 sky beasts
  A black bear (D:8)
  2 ogres
  4 centaurs
  A lemure (D:6)
  8 bullfrogs
  2 scorpions
  A killer bee (D:9)
  A howler monkey (D:5)
  2 lava snakes (D:7)
  2 quasits (D:5)
  5 orc priests
  2 bullfrog skeletons
  3 hounds
  2 jellies
  6 orc wizards
  Terence (D:2)
  5 worker ants
  2 iguanas
  A hound zombie (D:7)
  A hound skeleton (D:6)
  A howler monkey zombie (D:9)
  A worker ant zombie (D:7)
  6 adders
  A white imp (D:9)
  An ufetubus (D:6)
  An ooze (D:7)
  2 adder zombies (D:8)
  2 adder skeletons
  4 worms
  3 dart slugs
  5 leopard geckos
  36 orcs
  6 giant cockroaches
  5 goblins (D:1)
  5 hobgoblins
  11 jackals
  5 quokkas
  7 bats
  3 frilled lizards
  A jackal skeleton (D:8)
  7 kobolds
  A leopard gecko skeleton (D:4)
  4 rats
185 creatures vanquished.

Vanquished Creatures (collateral kills)
  A human (D:9)
  2 orc warriors
  An ogre (D:8)
  2 killer bees (D:9)
  An adder zombie (D:9)
  An orc (D:9)
8 creatures vanquished.

Vanquished Creatures (others)
  A fire vortex (D:9)
1 creature vanquished.

Grand Total: 194 creatures vanquished
